 Dungeon Crawl Stone Soup version 0.28.0-43-g3370ac3207 (webtiles) character file.

Game seed: 11404437298833164323

147 pkoi the Insei (level 5, -3/45 HPs)
             Began as a Draconian Monk on Mar 11, 2022.
             Killed from afar by Natasha (7 damage)
             ... with a magic dart
             ... on level 3 of the Dungeon.
             The game lasted 00:03:16 (2098 turns).

pkoi the Insei (Draconian Monk)                     Turns: 2098, Time: 00:03:17

Health: -3/45      AC:  5    Str: 13    XL:     5   Next: 7%
Magic:  5/5        EV: 12    Int: 12    God:
Gold:   94         SH:  0    Dex: 14    Spells: 4/4 levels left

rFire   . . .      SeeInvis .     - Unarmed
rCold   . . .      Faith    .   (no shield)
rNeg    . . .      Spirit   .   (armour unavailable)
rPois   .          Reflect  .   (helmet restricted)
rElec   .          Harm     .   (no cloak)
rCorr   .          Rampage  .   (no gloves)
Will    .....                   (no boots)
Stlth   ++........              (no amulet)
HPRegen 0.15/turn               (no ring)
MPRegen 0.09/turn               (no ring)

@: no status effects
A: AC +5, unfitting armour, cold-blooded
a: no special abilities


You were on level 3 of the Dungeon.
You visited 1 branch of the dungeon, and saw 3 of its levels.

You collected 94 gold pieces.

Inventory:

Missiles
 c - 2 curare-tipped darts (quivered)
Wands
 f - a wand of iceblast (9)
Scrolls
 g - a scroll of enchant weapon
Potions
 b - a potion of brilliance {unknown}
 d - a potion of mutation
 e - a potion of might
 h - a potion of haste {unknown}


   Skills:
 - Level 3.2 Fighting
 - Level 2.6 Dodging
 - Level 1.7 Stealth
 + Level 5.8 Unarmed Combat


You had 4 spell levels left.
You didn't know any spells.
Your spell library was empty.

Dungeon Overview and Level Annotations

Branches:
Dungeon (2/15)

Altars:

Shops:
D:1 :   D:3 (

Annotations:
D:3 Natasha


Innate Abilities, Weirdness & Mutations

Your plain brown scales are hard. (AC +5)
You cannot fit into any form of body armour.
You are cold-blooded and may be slowed by cold attacks.


Message History

* * * LOW HITPOINT WARNING * * *
There is a stone staircase leading down here.
There is a stone staircase leading down here.
Natasha mewls in sadness.
Natasha casts a spell.
There is a stone staircase leading down here.
You barely miss Natasha. Natasha claws you.
* * * LOW HITPOINT WARNING * * *
You hit Natasha. Your punch misses Natasha.
Natasha is lightly wounded.
Natasha claws you.
* * * LOW HITPOINT WARNING * * *
You hit Natasha.
Natasha is moderately wounded.
You closely miss Natasha.
Natasha is moderately wounded.
Natasha barely misses you.
You hit Natasha.
Natasha is moderately wounded.
Natasha closely misses you.
You hit Natasha.
Natasha is heavily wounded.
Natasha closely misses you.
You closely miss Natasha.
Natasha is heavily wounded.
Natasha claws you.
* * * LOW HITPOINT WARNING * * *
You barely miss Natasha.
Natasha is heavily wounded.
Natasha claws you!
* * * LOW HITPOINT WARNING * * *
You punch Natasha!
Your tail-slap misses Natasha.
Natasha is almost dead.
Natasha claws you.
* * * LOW HITPOINT WARNING * * *
You barely miss Natasha.
Your tail-slap misses Natasha.
Natasha is almost dead.
Natasha stares at you and mumbles some strange words.
The magic dart hits you!
You die...

# # # # ##########
###........#########.#
..............5h@....#
.##...........########
.####.........#
.####.........#
..............#
..............#
..............#
.####.......).# .#
#.........#


You could see Natasha and a white imp (summoned).

Vanquished Creatures
  Natasha (twice) (D:3)
  An orc wizard (D:3)
  3 adders (D:3)
  A dart slug (D:1)
  4 orcs (D:3)
  2 bats (D:3)
  3 endoplasms
  A giant cockroach (D:1)
  3 hobgoblins
  4 jackals (D:3)
  3 quokkas (D:1)
  2 ball pythons
  A frilled lizard (D:3)
  4 goblins
  4 kobolds (D:1)
  3 rats
41 creatures vanquished.

Notes
Turn   | Place    | Note
-------+----------+-------------------------------------------
     0 | D:1      | pkoi the Draconian Monk began the quest for the Orb.
     0 | D:1      | Reached XP level 1. HP: 19/19 MP: 1/1
   209 | D:1      | Reached XP level 2. HP: 23/26 MP: 2/2
   488 | D:1      | Found Wofienn's Book Shop.
   748 | D:1      | Reached skill level 4 in Unarmed Combat
  1181 | D:2      | You fall into a shaft and drop 1 floor!
  1210 | D:3      | Reached XP level 3. HP: 31/31 MP: 3/3
  1215 | D:3      | Found Famuaghu's Weapon Shop.
  1598 | D:3      | Reached skill level 5 in Unarmed Combat
  1598 | D:3      | Reached XP level 4. HP: 34/38 MP: 4/4
  1887 | D:3      | Noticed Natasha
  1898 | D:3      | Killed Natasha
  2040 | D:3      | Noticed Natasha
  2053 | D:3      | Killed Natasha
  2054 | D:3      | Reached XP level 5. HP: 36/45 MP: 5/5
  2073 | D:3      | Noticed Natasha
  2098 | D:3      | Killed from afar by Natasha

Illustrated notes

Levels and vault maps discovered:
D:1:      amcnicky_arrival_wind_blow, layout_loops_ring, serial_shops,
          nicolae_shop_behind_doors, hangedman_decor_points, chequers_garden,
          dk_noncrumbling_2, palyth_stone_intersect
D:2:      minmay_chambers_of_twos, layout_loops_ring, basic_ecumenical_altar,
          uniq_terence
D:3:      layout_basic, serial_shops, shop, portal_sewer_entry_b,
          amcnicky_mini_pool_small, kennysheep_generic_room_7, uniq_natasha

Skill      XL: |  1  2  3 |
---------------+----------+-----
Unarmed Combat | 4 5 |  5.8
Fighting       | |  3.2
Dodging        | |  2.6
Stealth        | |  1.7

Action                   |  1- 3 |  4- 6 || total
-------------------------+-------+-------++-------
Melee: Unarmed           |   101 |    71 ||   172
       Tailslap          |    11 |     5 ||    16
       Punch             |       |     3 ||     3
  Use: Scroll            |       |     4 ||     4
 Stab: Sleeping          |     4 |     2 ||     6
       Distracted        |     1 |       ||     1
Armor: Skin              |    24 |    10 ||    34
Dodge: Dodged            |    49 |    37 ||    86
